 Dungeon Crawl Stone Soup version 0.20.1-1-g8b1a95d (webtiles) character file.

88 FerrousOx the Magician (level 4, -2/33 HPs)
             Began as a Draconian Wizard on July 31, 2017.
             Killed by divine providence
             ... invoked by an orc priest
              (11 damage)
             ... on level 3 of the Dungeon.
             The game lasted 00:11:39 (2679 turns).

FerrousOx the Magician (Draconian Wizard)           Turns: 2679, Time: 00:11:39

Health: -2/33      AC:  5    Str:  9    XL:     4   Next: 29%
Magic:  8/10       EV: 12    Int: 20    God:
Gold:   58         SH:  0    Dex:  9    Spells: 7/11 levels left

rFire    . . .     SeeInvis .   l - +0 dagger (drain)
rCold    . . .     Gourm    .   (no shield)
rNeg     . . .     Faith    .   (armour unavailable)
rPois    .         Spirit   .   a - +0 hat
rElec    .         Reflect  .   (no cloak)
rCorr    .         Harm     .   (no gloves)
MR       .....                  (no boots)
Stlth    ++........             (no amulet)
Regen    0.2/turn               (no ring)
MPRegen  0.2/turn               (no ring)

@: no status effects
A: unfitting armour, cold-blooded, AC +5
a: no special abilities


You were on level 3 of the Dungeon.
You were not hungry.

You visited 1 branch of the dungeon, and saw 3 of its levels.

You collected 58 gold pieces.

Inventory:

Hand Weapons
 d - a +0 dagger
 g - a +0 whip of pain
 l - a +0 dagger of draining (weapon)
Missiles
 m - 4 needles of confusion
Armour
 a - a +0 hat (worn)
Wands
 o - a wand of paralysis (13/24)
Scrolls
 e - a scroll of immolation
 h - 2 scrolls of enchant armour {unknown}
 i - 2 scrolls of remove curse {unknown}
 j - a scroll of enchant weapon {unknown}
Potions
 k - a potion of ambrosia {unknown}
 n - 2 potions of invisibility {unknown}
Books
 b - a book of Minor Magic

   Spells                             Type                      Level
   a - Magic Dart                     Conjuration                  1
   b - Blink                          Translocation                2
   c - Call Imp                       Summoning                    2
   d - Slow                           Hexes                        2
   e - Conjure Flame                  Conjuration/Fire             3
   f - Mephitic Cloud                 Conjuration/Poison/Air       3
Comestibles
 c - 3 bread rations
 f - 3 chunks of flesh


   Skills:
 - Level 0.4 Short Blades
 - Level 1.7 Dodging
 - Level 1.7 Stealth
 * Level 4.2 Spellcasting
 + Level 2.4 Conjurations
   Level 1.0 Summonings
   Level 1.0 Translocations
 - Level 0.2 Poison Magic


You had 7 spell levels left.
You knew the following spells:

 Your Spells              Type           Power        Failure   Level  Hunger
a - Magic Dart            Conj           ##..         4%          1    None
b - Mephitic Cloud        Conj/Pois/Air  #.......     26%         3    ###....


Dungeon Overview and Level Annotations

Branches:
Dungeon (3/15)

Altars:
Fedhas


Innate Abilities, Weirdness & Mutations

Your plain brown scales are hard. (AC +5)
You cannot fit into any form of body armour.
You are cold-blooded and may be slowed by cold attacks.


Message History

The orc priest misses you. The orc priest closely misses you.
The orc wizard hits you but does no damage.
The orc priest mumbles some strange prayers to Beogh against you.
Beogh smites you!
The orc wizard casts a spell.
The orc wizard seems to speed up.
Casting: Magic Dart
Confirm with . or Enter, or press ? or * to list all spells.
Aiming: Magic Dart
Press: ? - help, Shift-Dir - straight line, f/p - orc priest
Aim: an orc priest, wielding a dagger and wearing a ring mail The magic dart hits the orc priest.
The orc priest looks braver for a moment.
The orc wizard casts a spell at you. The magic dart hits you!
* * * LOW HITPOINT WARNING * * *
The orc priest invokes the aid of Beogh against you.
Beogh smites you!
You die...

### #########
####.####.......#
#.@..oo.o....##.#
###.##.#o##.##.#
#....#.#.##.##...
###).....#.##.#####.(
#.<......#.##.# .#
#....P.P...##.. #
#...PPP.P######
###.PP_PP#


#.PPPPP# You could see an orc priest, an orc wizard and 2 orcs.

Vanquished Creatures
  An adder (D:2)
  2 oozes (D:1)
  A worm (D:2)
  2 dart slugs
  3 leopard geckos
  An orc (D:2)
  2 giant cockroaches
  10 goblins
  7 hobgoblins
  6 jackals
  A quokka (D:2)
  2 ball pythons (D:1)
  6 bats
  2 frilled lizards (D:1)
  4 kobolds
  4 rats
54 creatures vanquished.

Notes
Turn   | Place    | Note
-------+----------+-------------------------------------------
     0 | D:1      | FerrousOx the Draconian Wizard began the quest for the Orb.
     0 | D:1      | Reached XP level 1. HP: 14/14 MP: 4/4
   355 | D:1      | Reached XP level 2. HP: 20/20 MP: 3/6
   903 | D:1      | Reached XP level 3. HP: 23/26 MP: 1/8
  1632 | D:2      | Learned a level 3 spell: Mephitic Cloud
  1777 | D:2      | Reached skill level 4 in Spellcasting
  1976 | D:2      | Reached XP level 4. HP: 28/33 MP: 8/10
  2634 | D:3      | Found a blossoming altar of Fedhas.
  2679 | D:3      | Killed from afar by an orc priest

Skill      XL: |  1  2  3 |
---------------+----------+-----
Conjurations   | 2 |  2.4
Spellcasting   | 4 |  4.2
Short Blades   | |  0.4
Dodging        | |  1.7
Stealth        | |  1.7
Summonings     | |  1.0
Translocations | |  1.0
Poison Magic   | |  0.2

Action                   |  1- 3 |  4- 6 || total
-------------------------+-------+-------++-------
Melee: Dagger            |    51 |    16 ||    67
       Tailslap          |     1 |       ||     1
       Whip              |    18 |       ||    18
 Cast: Magic Dart        |    80 |    31 ||   111
  Use: Scroll            |     1 |     1 ||     2
  Eat: Bread ration      |     1 |       ||     1
       Chunk             |       |     1 ||     1
Armor: Skin              |    44 |    13 ||    57
Dodge: Dodged            |    99 |    21 ||   120
